 Dungeon Crawl Stone Soup version 0.18.1-8-gdd0e5ea (webtiles) character file.

255 cruasano the Skirmisher (level 5, -7/48 HPs)
             Began as a Minotaur Berserker on May 29, 2016.
             Was a Believer of Trog.
             Mangled by an orc
             ... wielding a +0 flail
              (8 damage)
             ... on level 4 of the Dungeon.
             The game lasted 00:30:41 (3373 turns).

cruasano the Skirmisher (Minotaur Berserker)        Turns: 3373, Time: 00:30:43

Health: -7/48      AC:  9    Str: 23    XL:     5   Next: 91%
Magic:  4/4        EV: 17    Int:  4    God:    Trog [**....]
Gold:   134        SH:  0    Dex: 14    Spells: 0 memorised, 4 levels left

rFire  . . .     SeeInvis .     a - +2 spear
rCold  . . .     Gourm    .     l - +0 ring mail
rNeg   . . .     Faith    .     (no shield)
rPois  .         Spirit   .     (helmet restricted)
rElec  .         Dismiss  .     (no cloak)
rCorr  .         Reflect  .     (no gloves)
SustAt .         Harm     .     B - +2 pair of boots
MR     ++...                    (no amulet)
Stlth  ++........               (no ring)
                                (no ring)

@: agile, lethally poisoned (-7 -> -31), flying, regenerating, very resistant to
hostile enchantments, unstealthy
A: retaliatory headbutt, horns 2
a: Berserk, Trog's Hand, Burn Spellbooks, Renounce Religion


You were on level 4 of the Dungeon.
You worshipped Trog.
Trog was pleased with you.
You were not hungry.

You visited 1 branch of the dungeon, and saw 4 of its levels.

You collected 134 gold pieces.

Inventory:

Hand Weapons
 a - a +2 spear (weapon)
 c - a +0 club
 g - a cursed +0 spear
 j - a +0 dagger
 n - a +0 club
 r - a +0 club
 s - a +0 dagger
 t - a +2 dagger of flaming
 u - a +0 hunting sling
 v - a +4 dagger
 w - a +1 dagger of electrocution
 C - a +0 trident
 D - a +0 spear
Missiles
 i - 5 curare-tipped needles
 k - 51 stones (quivered)
 E - 7 tomahawks
Armour
 b - a +0 animal skin
 l - a +0 ring mail (worn)
 x - a +2 animal skin
 y - a +0 helmet
 z - a +0 leather armour
 B - a +2 pair of boots (worn)
 H - a +0 helmet
Jewellery
 M - a +2 ring of strength {unknown}
Scrolls
 d - 3 scrolls of noise
 I - a scroll of immolation {unknown}
 J - a scroll of blinking
 K - a scroll of remove curse
 L - a scroll of amnesia
 O - a scroll of teleportation {unknown}
Potions
 h - a potion of brilliance {unknown}
 m - a potion of lignification
 o - a potion of might {unknown}
 p - a potion of haste {unknown}
Comestibles
 q - 2 bread rations
 A - 2 meat rations
 F - 2 beef jerkies
 N - 4 fruits


   Skills:
 + Level 5.3 Fighting
 + Level 5.1 Polearms
 + Level 4.1 Armour
 + Level 3.3 Dodging
 + Level 0.8 Stealth


You had 4 spell levels left.
You didn't know any spells.

Dungeon Overview and Level Annotations

Branches:
Dungeon (4/15)
 Temple: D:4-7

Altars:
Elyvilon
Trog


Innate Abilities, Weirdness & Mutations

You reflexively headbutt those who attack you in melee.
You have a pair of horns on your head.


Message History

It was a potion of flight.
You feel very buoyant.
You fly up into the air.
* * * LOW HITPOINT WARNING * * *
You feel very sick.
An orc wizard appears from thin air!
Reactivating autopickup.
The orc closely misses you. You furiously retaliate!
You headbutt the orc, but do no damage.
The orc wizard hits you but does no damage.
You are more poisoned.
The orc completely misses you.
Your skin crawls.
You feel resistant to hostile enchantments.
You feel slightly more hungry.
* * * LOW HITPOINT WARNING * * *
You feel very sick.
The orc wizard gestures at you while chanting.
You resist with almost no effort. The orc hits you with a flail!
You die...

.. ..# #.#
#.# #.#
#.#
.#######.#
.$.....#.#
...(...#.#
......o#o#
.......o@#
.......###
.......
...?...
....o..
....S..
...=$..
.......


You could see an orc wizard and 2 orcs.

Vanquished Creatures
  3 orc wizards
  A worker ant (D:3)
  An iguana (D:4)
  Robin (D:2)
  4 adders
  An ooze (D:2)
  2 worms (D:2)
  A dart slug (D:3)
  2 giant geckos
  An orc (D:3)
  A giant cockroach (D:2)
  11 goblins
  12 hobgoblins
  A quokka (D:2)
  3 ball pythons
  3 bats
  4 giant newts
  6 kobolds
  7 rats
65 creatures vanquished.

Vanquished Creatures (others)
  A ball python (D:2)
  A quokka (D:2)
2 creatures vanquished.

Grand Total: 67 creatures vanquished

Notes
Turn   | Place    | Note
--------------------------------------------------------------
     0 | D:1      | cruasano the Minotaur Berserker began the quest for the Orb.
     0 | D:1      | Reached XP level 1. HP: 19/19 MP: 0/0
   593 | D:1      | Reached XP level 2. HP: 27/27 MP: 1/1
  1073 | D:2      | Found a white marble altar of Elyvilon.
  1086 | D:2      | Reached XP level 3. HP: 33/33 MP: 2/2
  1232 | D:2      | Noticed Robin
  1241 | D:2      | Reached ** piety under Trog
  1258 | D:2      | Killed Robin
  1399 | D:2      | Found a bloodstained altar of Trog.
  1552 | D:2      | Reached XP level 4. HP: 41/41 MP: 3/3
  2060 | D:3      | Reached skill level 5 in Fighting
  2060 | D:3      | Reached XP level 5. HP: 38/48 MP: 4/4
  2519 | D:3      | Reached skill level 5 in Polearms
  3373 | D:4      | HP: 1/48 [poisoned by an orc wizard]
  3373 | D:4      | Mangled by an orc

Skill      XL: |  1  2  3  4  5 |
---------------+----------------+-----
Fighting       | 4 5 |  5.3
Polearms       | 4 5 |  5.1
Armour         | 3 4 |  4.1
Dodging        | 3 |  3.3
Stealth        | |  0.8

Action                   |  1- 3 |  4- 6 || total
-------------------------+-------+-------++-------
Melee: Spear             |    68 |    78 ||   146
       Headbutt          |    10 |    16 ||    26
Invok: Berserk           |     2 |       ||     2
       Trog's Hand       |       |     3 ||     3
  Use: Scroll            |     4 |     8 ||    12
       Potion            |     2 |     5 ||     7
  Eat: Bread ration      |     1 |     1 ||     2
       Meat ration       |     1 |       ||     1
Armor: Animal skin       |     1 |       ||     1
       Ring mail         |    19 |    28 ||    47
Dodge: Dodged            |    39 |    68 ||   107
